← All builds
Front / Armada / Quick factory / OBSERVED BUILD

Mace rush

Armada Front build order · Supreme Isthmus

A very early T1 bot assault from the Bot Lab, pushing Mace bots to the middle from under 2:00, far ahead of the role's norm, sometimes reaching into the enemy base before shifting to the usual later army.

#rush #raid · 60 distinct matches · 31 players · 2% of Armada Front games · team won 52% of 60 · Recently observed

THE CATCH, AND WHAT COMES WITH IT
  • MaceT1 bot assault from 2:00 · 4% of role by thenFrom the Bot Lab. Only 4% of Front games have it by then; others who build it get it around 2:57
  • MaceMace in 73%3% of all Front games by then

Where those units first fight, in 60 games with kill data: in the middle 92%, on their own side 8%.

Those units destroy a typical 2,006 metal of enemy units by 15:00.

Then transitions into rocketeer (14% of army), pawn (10% of army), centurion (8% of army).

HOW TO PLAY IT

Key timing: Mace by 2:36

  1. Open double mex into fast Bot Lab, skip extra eco.
  2. Finish Bot Lab early and start cranking Mace.
  3. Push first Mace straight to middle, harass enemy eco.
  4. Keep feeding Mace to front as your main force.
  5. Reclaim Bot Lab and shift into mixed bot army.

Phase by phase

TYPICAL OF ITS 60 GAMES · AGAINST STANDARD FRONT
  1. 1
  2. 2
  3. 3
  4. 4
PLAY THE OPENING

Follow the example game's first 6:00 step by step: what to build now, what comes next, and where it goes. At 1× it keeps pace with your own game.

  1. 1

    Up to the Bot Lab

    Economy
    • Metal Extractor2Mex
    Order
    1. Bot LabBot Lab after 2 mexdone ~0:35, middle half 0:27–0:41

    By 0:19 in all: 2 mex

    The example game in this phase · 2 steps
    1. Mex ×2
    2. Bot LabBot Labdone 0:33 · typical 0:35
  2. 2

    Bot Lab to T1 bot assault

    Economy
    • Metal Extractor2Mex
    • Wind Turbine2Wind
    Order
    1. MaceT1 bot assault after 4 mex, 2 wind
    Builders
    • Construction Bot2 Con bot +2 vs standard
    • Lazarus1 Lazarus
    Army
    • Tick3 Tick +3 vs standard

    Some games also: pawn (48%) · centurion (37%)

    By 1:57 in all: 4 mex · 2 wind

    The example game in this phase · 10 steps
    1. PawnPawn
    2. Wind
    3. LazarusLazarus
    4. Wind
    5. Construction BotCon bot
    6. Wind
    7. PawnPawn
    8. Mex
    9. LazarusLazarus
    10. MaceMacedone 1:39
  3. 3

    T1 bot assault to 5:00

    Economy
    • Metal Extractor3Mex
    Builders
    • Lazarus1 Lazarus
    • Construction Bot1 Con bot
    Army
    • Sentry1 Sentry
    • Mace9 Mace +9 vs standard

    Some games also: wind (47%) · con turret (42%) · rocketeer (42%)

    The standard build makes here, this one skips: 2 wind · 6 rocketeer

    By 5:00 in all: 6 mex · 4 wind · 1 con turret

    The example game in this phase · 22 steps
    1. Mex
    2. MaceMace ×2
    3. Construction BotCon bot
    4. Mex
    5. MaceMace ×2
    6. Mex
    7. Radar TowerRadar Tower
    8. MaceMace
    9. PawnPawn
    10. MaceMace
    11. RocketeerRocketeer
    12. SentrySentry
    13. RocketeerRocketeer
    14. MaceMace
    15. Construction BotCon bot
    16. SentrySentry
    17. MaceMace ×2
    18. RocketeerRocketeer ×4
    19. SentrySentry
    20. RocketeerRocketeer ×7
    21. SentrySentry
    22. RocketeerRocketeer
  4. 4

    5:00 to 10:00

    Economy
    • Metal Extractor1Mex
    • Wind Turbine20Wind
    Builders
    • Construction Turret2 Con turret
    • Construction Bot2 Con bot +2 vs standard
    • Lazarus1 Lazarus
    Army
    • Sentry1 Sentry
    • Mace4 Mace +4 vs standard

    Some games also: energy storage (50%) · Radar Tower (50%) · rocketeer (45%) · converter (40%) · centurion (37%) · eat Bot Lab (32%)

    By 10:00 in all: 8 mex · 28 wind · 1 energy storage · 3 con turret

    The example game in this phase · 129 steps
    1. RocketeerRocketeer ×2
    2. SentrySentry
    3. RocketeerRocketeer ×5
    4. BeholderBeholder
    5. RocketeerRocketeer ×6
    6. SentrySentry
    7. RocketeerRocketeer ×2
    8. Radar TowerRadar Tower
    9. RocketeerRocketeer ×6
    10. LazarusLazarus
    11. Wind
    12. Con turret
    13. RocketeerRocketeer ×3
    14. Wind
    15. SentrySentry
    16. RocketeerRocketeer
    17. Wind
    18. RocketeerRocketeer
    19. Wind
    20. RocketeerRocketeer
    21. Wind
    22. RocketeerRocketeer
    23. Wind
    24. RocketeerRocketeer
    25. Wind
    26. RocketeerRocketeer
    27. Wind
    28. SentrySentry
    29. RocketeerRocketeer
    30. Wind
    31. RocketeerRocketeer
    32. Wind
    33. RocketeerRocketeer
    34. Wind
    35. RocketeerRocketeer
    36. SentrySentry
    37. RocketeerRocketeer ×2
    38. SentrySentry
    39. RocketeerRocketeer
    40. PawnPawn ×2
    41. LazarusLazarus
    42. Mex
    43. Wind
    44. LazarusLazarus
    45. Wind
    46. PawnPawn
    47. Wind
    48. PawnPawn
    49. Wind
    50. PawnPawn
    51. Wind
    52. PawnPawn
    53. Wind
    54. PawnPawn ×2
    55. Wind
    56. PawnPawn
    57. Wind
    58. PawnPawn
    59. Wind ×2
    60. PawnPawn
    61. Wind
    62. PawnPawn
    63. Wind ×2
    64. PawnPawn
    65. Wind
    66. PawnPawn
    67. Wind ×2
    68. PawnPawn
    69. Wind
    70. PawnPawn
    71. Wind
    72. Con turret
    73. Construction BotCon bot
    74. BeholderBeholder
    75. Con turret
    76. Advanced Metal ExtractorT2 mexdone 12:36 · typical 9:29
    77. Energy storage
    78. PawnPawn ×2
    79. Con turret
    80. Wind
    81. PawnPawn ×3
    82. Advanced Metal ExtractorT2 mex
    83. Wind
    84. PawnPawn ×4
    85. Con turret
    86. PawnPawn
    87. Wind
    88. PawnPawn
    89. Advanced Metal ExtractorT2 mex
    90. PawnPawn
    91. TickTick
    92. Wind
    93. Con turret
    94. TickTick
    95. Advanced Bot LabAdvanced Bot Labdone 14:38
    96. TickTick ×2
    97. Wind
    98. TickTick
    99. Wind
    100. TickTick ×2
    101. Advanced Metal ExtractorT2 mex
    102. TickTick ×2
    103. Wind
    104. TickTick
    105. Wind
    106. TickTick ×3
    107. Wind
    108. Advanced Metal ExtractorT2 mex
    109. Wind
    110. TickTick
    111. Con turret
    112. TickTick ×2
    113. Wind
    114. TickTick ×2
    115. Wind
    116. TickTick
    117. Con turret
    118. TickTick
    119. Wind
    120. Advanced Metal ExtractorT2 mex
    121. TickTick ×2
    122. Wind
    123. TickTick ×2
    124. Wind
    125. TickTick ×2
    126. Advanced Construction BotT2 con bot
    127. Wind
    128. ButlerButler
    129. TickTick

Counts are medians over the build's games: half of them build more, half fewer. The example game is gy0h6y's (31 OS, 08/09/2026); pick another.

Team trades

IN AT LEAST 30% OF ITS GAMES

You hand over

Nothing regular.

You get

  • Tidal Generator4 Tidal from Pondfirst at 0:15 · in 63% of games
  • Tidal Generator4 Tidal from Pondfirst at 0:19 · in 32% of games
  • Advanced Construction Bot1 T2 con bot from Geo or Techfirst at 7:50 · in 68% of games

How it plays out

Typical game of this build against the role’s standard build, running totals by minute

  • This build
  • Standard front

Metal produced

010k20k30k
0:005:0010:0015:00

metal

Enemy metal destroyed

05k10k
0:005:0010:0015:00

metal

Own metal lost

05k10k
0:005:0010:0015:00

metal

60 games.

Show as table
ByMetal produced: This buildMetal produced: Standard frontEnemy metal destroyed: This buildEnemy metal destroyed: Standard frontOwn metal lost: This buildOwn metal lost: Standard front
1:003303330000
2:008428400212131
3:001645161810813585108
4:0027052700401522328333
5:00396338478801128806787
6:00520150351461192813601428
7:00650562501974272021272303
8:00781975353035354630013173
9:00932089734091433037654071
10:0011239105424522501146704810
11:0013219123755010554052565548
12:0014831145285622599856226409
13:0017504168596512647064717001
14:0020188192176889718675517827
15:0022589218497460787091378694
WHAT THE NUMBERS SAY

Won less often than the standard build despite similar early production, trading slightly less enemy metal destroyed for slightly more own losses by 15:00.

  • + Mace arrives by 5:57 in 90% of games vs 2% for the role.
  • − Team win rate 50% vs 62% for the standard build.
  • − Metal lost by 15:00 (9434) higher than standard (8941).
THE EXAMPLE YOU ARE READING

gy0h6y

31.1 OS · 08/09/2026

Open source match ↗

5 received units · includes a constructor
79 metal received · 27141 energy received

Allied construction assistance is unknown. Timings are observations, not a promise of solo reproducibility.

Typical milestones

Bot Lab0:35Middle 50%: 0:27–0:41 · n=60
Advanced Metal Extractor9:29Middle 50%: 8:45–10:11 · n=47

Played most by

TheGeneraI10games of this build[crd]sisa7games of this buildOUDLES4games of this buildXuunnY4games of this build_[BOBO]_3games of this build